 Dungeon Crawl Stone Soup version 0.29-a0-878-g7b45a56547 (webtiles) character file.

Game seed: 1867059128497222605

1155 Essalna the Trooper (level 8, 62/62 HPs)
             Began as a Djinni Conjurer on July 15, 2022.
             Got out of the dungeon alive.
             The game lasted 00:11:34 (7137 turns).

Essalna the Trooper (Djinni Conjurer)               Turns: 7137, Time: 00:11:35

Health: 62/62      AC:  4    Str:  6    XL:     8   Next: 66%
Gold:   363        EV: 16    Int: 22    God:
                   SH:  0    Dex: 12

rFire   + + .      SeeInvis .   d - +1 dagger (venom)
rCold   x . .      Faith    .   (no shield)
rNeg    . . .      Spirit   .   a - +0 robe
rPois   ∞          Reflect  .   l - +0 helmet
rElec   .          Harm     .   (no cloak)
rCorr   .          Rampage  .   v - +0 pair of gloves
Will    .....                   (boots unavailable)
Stlth   ++........              (no amulet)
HPRegen 0.20/turn               n - +4 ring of evasion
MPRegen 0.00/turn               (no ring)

@: flying
A: sickness immunity, fire resistance 2, cold vulnerability 1, float, innate
caster, HP casting, extra vitality 1
a: no special abilities


You escaped.
You visited 1 branch of the dungeon, and saw 6 of its levels.

You collected 363 gold pieces.

Inventory:

Hand Weapons
 d - a +1 dagger of venom (weapon)
Armour
 a - a +0 robe (worn)
 j - a +0 leather armour of willpower
 l - a +0 helmet (worn)
 v - a +0 pair of gloves (worn)
Jewellery
 n - a +4 ring of evasion (left hand)
 x - a ring of positive energy
Wands
 w - a wand of charming (5)
Scrolls
 b - 6 scrolls of teleportation
 e - a scroll of enchant weapon {unknown}
 f - 2 scrolls of amnesia {unknown}
 i - a scroll of brand weapon {unknown}
 k - a scroll of poison {unknown}
 o - 5 scrolls of identify
 q - 2 scrolls of fear {unknown}
 s - a scroll of noise {unknown}
 t - a scroll of vulnerability {unknown}
 y - a scroll of blinking {unknown}
Potions
 c - 5 potions of curing
 g - 2 potions of haste
 h - a potion of flight
 m - 3 potions of attraction {unknown}
 p - a potion of mutation {unknown}
 r - 2 potions of berserk rage {unknown}
 u - 2 potions of degeneration {unknown}


   Skills:
 + Level 6.7 Fighting
 - Level 2.1 Dodging
 - Level 1.5 Stealth
 + Level 6.2 Spellcasting


You couldn't memorise any spells.
You knew the following spells:

 Your Spells              Type           Power      Damage    Failure   Level
a - Magic Dart            Conj           100%       1d8       1%          1
b - Searing Ray           Conj           68%        2d6       1%          2
c - Dazzling Flash        Conj/Hex       68%        N/A       1%          3
d - Fulminant Prism       Conj/Hex       17%        3d11      7%          4
e - Iskenderun's Mystic   Conj/Tloc      34%        2d8       7%          4
f - Foxfire               Conj/Fire      100%       2x1d9     1%          1
g - Ensorcelled Hibernat  Hex/Ice        68%        N/A       1%          2
h - Conjure Flame         Conj/Fire      34%        6-21      1%          3
Your spell library was empty.

Dungeon Overview and Level Annotations

Branches:
Dungeon (6/15)
 Temple: D:4-7

Altars:
Dithmenos
Fedhas
Gozag
Hepliaklqana
Qazlal
Trog


Innate Abilities, Weirdness & Mutations

You are immune to sickness and miasma.
You are immune to poison.
Your flesh is very heat resistant. (rF++)
You are vulnerable to cold. (rC-)
You float through the air rather than walking.
You learn spells naturally, not from books.
Your magical power is your life essence.
You have superior vitality. (+4 MHP)


Message History

(Press . to maintain the ray.)
The adder barely misses you.
The searing ray hits the adder.
You kill the adder!
You see here the +0 chain mail of Hytzur {*Slow Will+ Str+7 Slay+3}.
You hear the sound of rushing water.
There is an entrance to a sewer on this level.
Hurry and find it before the portal rusts away!
Welcome back, Essalna the Djinni Conjurer.
Press ? for a list of commands and other information.
You see here an adder corpse.
There is a stone staircase leading up here.
You see here the +0 chain mail of Hytzur {*Slow Will+ Str+7 Slay+3}.
You see here an adder corpse.
You hear the slow rusting of a very distant drain.
There is a stone staircase leading up here.
Unknown command.
You fly upwards.
There is a stone staircase leading down here.
You see here a Necronomicon.
You reach down and open the door.
There is an open door here.
There is a stone staircase leading up here.
You fly upwards.
There is a stone staircase leading down here.
HP restored.
There is a stone staircase leading up here.
You fly upwards.
There is a stone staircase leading down here.
There is an open door here.
There is a stone staircase leading up here.
You fly upwards.
There is a stone staircase leading down here.
Things that are here:
a stone; a +0 dagger
There is a stone staircase leading up here.
You fly upwards.
There is a stone staircase leading down here.
There is a staircase leading out of the dungeon here.
Are you sure you want to leave the Dungeon?
This will make you lose the game!
You have escaped!

.........###.........###.....#
[.......## ##.......## ##....#
##.##...# #.......# #....#
#.#....## ##.......## ##....#
#.......###.........###...###
###.#.....................#
#.#.....................######
##.#...........................
###..#..........@................
.................................
#.#.............................[
.................................
#.#..#...###.........###...#####.
#.#..#..## ##.......## ##..# #.
.....##.# #.......# #..# ##
......#.## ##.......## ##..######
#.#####..###.........###..>......


There were no monsters in sight!

Vanquished Creatures
  Prince Ribbit (D:5)
  An ice beast (D:5)
  A black bear (D:3)
  2 ogres (D:5)
  A bullfrog (D:6)
  2 necrophages
  A howler monkey (D:5)
  A hound (D:5)
  A jelly (D:4)
  A gnoll bouda (D:4)
  2 iguanas
  An orc wizard (D:4)
  Robin (D:2)
  3 adders
  8 gnolls
  4 worms
  2 dart slugs
  6 orcs
  5 bats
  8 endoplasms
  7 giant cockroaches
  8 hobgoblins
  2 jackals (D:1)
  3 quokkas
  7 ball pythons
  2 frilled lizards
  14 goblins
  6 kobolds
  2 rats
103 creatures vanquished.

Notes
Turn   | Place    | Note
-------+----------+-------------------------------------------
     0 | D:1      | Essalna the Djinni Conjurer began the quest for the Orb.
     0 | D:1      | Essalna set off with the following spells memorised: Magic
                  | Dart, Searing Ray, Dazzling Flash, Fulminant Prism,
                  | Iskenderun's Mystic Blast.
     0 | D:1      | Reached XP level 1. HP: 15/15 MP: 0/0
   259 | D:1      | Reached XP level 2. HP: 16/22 MP: 0/0
   346 | D:1      | Reached skill level 1 in Fighting
  1198 | D:1      | Reached XP level 3. HP: 24/27 MP: 0/0
  1198 | D:1      | Learned a level 1 spell: Foxfire
  1764 | D:2      | Noticed Robin
  1768 | D:2      | Killed Robin
  1769 | D:2      | Reached XP level 4. HP: 19/33 MP: 0/0
  1973 | D:2      | Found a faded altar of an unknown god.
  3019 | D:3      | Reached XP level 5. HP: 37/40 MP: 0/0
  3019 | D:3      | Learned a level 2 spell: Ensorcelled Hibernation
  3355 | D:3      | Noticed a black bear
  3361 | D:3      | Killed a black bear
  3362 | D:3      | Reached XP level 6. HP: 39/47 MP: 0/0
  3939 | D:4      | Found a stormy altar of Qazlal.
  4376 | D:4      | Found a blossoming altar of Fedhas.
  4464 | D:4      | Found a hazy altar of Hepliaklqana.
  4611 | D:4      | Found an opulent altar of Gozag.
  4949 | D:4      | Reached XP level 7. HP: 43/53 MP: 0/0
  4949 | D:4      | Learned a level 3 spell: Conjure Flame
  5031 | D:4      | Reached skill level 5 in Spellcasting
  5741 | D:4      | Found a shadowy altar of Dithmenos.
  5838 | D:5      | Entered Level 5 of the Dungeon
  5838 | D:5      | Found a bloodstained altar of Trog.
  5859 | D:5      | Reached skill level 5 in Fighting
  6378 | D:5      | Reached XP level 8. HP: 54/60 MP: 0/0
  6493 | D:5      | Noticed Prince Ribbit
  6510 | D:5      | Killed Prince Ribbit
  7005 | D:6      | Identified the +0 chain mail of Hytzur {*Slow Will+ Str+7
                  | Slay+3}
  7006 | D:6      | Upgraded the game from 0.29-a0-844-ge8845773e3 to
                  | 0.29-a0-878-g7b45a56547
  7137 | D:$      | Got out of the dungeon alive.

Illustrated notes

Levels and vault maps discovered:
D:1:      minmay_arrival_four_circles, layout_basic, minmay_tall_x
D:2:      layout_rooms, dreamdust_ecumenical_altar_angels_and_demons, uniq_robin
D:3:      layout_basic, minmay_misc_feat_columns, grunt_decor_cap,
          kennysheep_decorative_pillar, serial_bayou_crossing
D:4:      layout_layer_cave, grunt_qazlal_sundering,
          mainiacjoe_overflow_24_doors, nicolae_overflow_hidden_temple
D:5:      layout_basic, lemuel_crystal_altar, uniq_prince_ribbit1
D:6:      layout_basic, portal_sewer_entry_d, uniq_blork_the_orc, uniq_grinder,
          uniq_crazy_yiuf_cottage

Skill      XL: |  1  2  3  4  5  6  7  8 |
---------------+-------------------------+-----
Fighting       | 1 2 3 4 5 6 |  6.7
Spellcasting   | 4 5 6 |  6.2
Dodging        | |  2.1
Stealth        | |  1.5

Action                   |  1- 3 |  4- 6 |  7- 9 || total
-------------------------+-------+-------+-------++-------
Melee: Dagger            |    17 |    19 |       ||    36
 Cast: Magic Dart        |    67 |   110 |    54 ||   231
       Searing Ray       |     1 |     6 |    16 ||    23
  Use: Potion            |     1 |       |       ||     1
       Scroll            |       |     4 |       ||     4
Armor: Skin              |     6 |       |       ||     6
       Robe              |     2 |     6 |       ||     8
Dodge: Dodged            |    15 |    24 |    17 ||    56

Table legend: (Time is in decaauts)
 A = Elapsed time spent in this place.
 B = Non-inter-level travel time spent in this place.
 C = Inter-level travel time spent in this place.
 D = Time resting spent in this place.
 E = Time spent auto-exploring this place.
 F = Levels seen in this place.
 G = Mean time per level.
                   A        B        C        D        E       F      G
               +--------+--------+--------+--------+--------+-----+--------+
         Total |   7138 |   6834 |    304 |      0 |   6158 |   6 | 1189.7 |
       Dungeon |   7138 |   6834 |    304 |      0 |   6158 |   6 | 1189.7 |
               +--------+--------+--------+--------+--------+-----+--------+

Top non-repeatable levels by time:
     D:4: 1983 daAuts
     D:1: 1667 daAuts
     D:3: 1356 daAuts
     D:5: 1149 daAuts
     D:2: 929 daAuts
     D:6: 51 daAuts
